AoeStats
← 17_Neo_

QS Arena

503148483Analyzed
1v1 RM · 1mo ago on Aug 30, 2026· 39m 30s· 2 players
Game mode
Random Map
Map size
Tiny (2 player)
Population
200
Speed
Normal
Resources
Standard
Victory
Conquest
Starting age
Dark Age
Ending age
Imperial Age
RankedLock teamsTeams togetherTeam positionsShared explorationLock speedFull tech treeHidden civsTurbo modeCheats
Victory
Defeat
🇨🇴 Byzantines · Colombia
1724
+9
🇺🇸 Portuguese · United States
1568
-9
17_Neo_
8:25 Feudal Age
9:43 Wheelbarrow
9:58 Horse Collar
12:19 Castle Age
10:33 Double-Bit Axe
14:29 Bow Saw
19:25 Gold Mining
25:01 Imperial Age
22:25 Stone Mining
23:19 Hand Cart
22:49 Loom
23:10 Squires
23:35 Heavy Plow
23:50 Pikeman
24:46 Forging
24:40 Scale Mail Armor
26:10 Iron Casting
26:47 Chemistry
26:08 Ballistics
25:44 Halberdier
26:48 Fletching
26:59 Padded Archer Armor
27:22 Elite Skirmisher
27:29 Elite Skirmisher
28:18 Bodkin Arrow
30:36 Two-Man Saw
30:16 Bracer
30:32 Leather Archer Armor
32:12 Conscription
32:53 Ring Archer Armor
32:39 Chain Mail Armor
35:35 Plate Mail Armor
Andstopher
8:58 Feudal Age
10:15 Double-Bit Axe
12:40 Castle Age
10:52 Horse Collar
13:12 Light Cavalry
14:00 Husbandry
15:58 Loom
22:38 Wheelbarrow
21:54 Town Watch
21:55 Loom
23:10 Bow Saw
27:06 Imperial Age
24:53 Hand Cart
24:17 Crossbowman
25:56 Thumb Ring
25:48 Fletching
25:41 Treadmill Crane
26:27 Ballistics
27:33 Gold Mining
27:36 Stone Mining
28:51 Chemistry
27:48 Bodkin Arrow
29:44 Conscription
30:05 Stone Shaft Mining
30:38 Masonry
30:39 Bracer
30:45 Scale Barding Armor
30:44 Arbalester
32:07 Siege Engineers
32:12 Fortified Wall
32:48 Bloodlines
33:01 Chain Barding Armor
34:16 Forging
35:04 Arquebus
36:08 Conscription
37:32 Architecture
Connection lost

Rejoining the realm…

Still unreachable

The connection could not be restored.

Session expired

The server has moved on; the page needs a fresh start.